AoeStats
← ITA | MarknighT

Four Lakes

507020479Analyzed
1v1 RM · 17d ago on Sep 16, 2026· 36m 5s· 2 players
Game mode
Random Map
Map size
Tiny (2 player)
Population
200
Speed
Normal
Resources
Standard
Victory
Conquest
Starting age
Dark Age
Ending age
Imperial Age
RankedLock teamsTeams togetherTeam positionsShared explorationLock speedFull tech treeHidden civsTurbo modeCheats
Victory
Defeat
🇮🇹 Persians · Italy
1912
+10
🇦🇺 Malay · Australia
1785
-10
NOCHAT_OzzieAmigo
8:14 Loom
9:59 Feudal Age
10:07 Double-Bit Axe
11:10 Fishing Lines
11:41 Horse Collar
19:52 Castle Age
18:49 Scale Barding Armor
21:19 Husbandry
ITA | MarknighT
6:57 Loom
9:37 Feudal Age
10:08 Double-Bit Axe
20:10 Castle Age
19:09 Bloodlines
20:42 Scale Barding Armor
20:48 Forging
21:09 Bow Saw
21:25 Medium Warships
21:15 Gold Mining
21:27 Light Cavalry
27:47 Pikeman
28:27 Squires
28:30 Scale Mail Armor
32:58 Wheelbarrow
32:08 Town Watch
32:45 Chain Mail Armor
32:17 Horse Collar
Connection lost

Rejoining the realm…

Still unreachable

The connection could not be restored.

Session expired

The server has moved on; the page needs a fresh start.